 Dungeon Sprint DCSS version 0.27-a0-1513-g2aaa0cc67b (webtiles) character file.

Game seed: 8804802876769766164

8876 mhtbhm the Severer (level 11, -3/111 HPs)
             Began as a Minotaur Fighter on July 9, 2021.
             Was the Champion of Qazlal.
             Slain by a 14-headed hydra (11 damage)
             ... while paralysed by a floating eye
             ... in the Dungeon (Sprint I: "Red Sonja").
             The game lasted 00:03:55 (2592 turns).

mhtbhm the Severer (Minotaur Fighter)               Turns: 2592, Time: 00:03:56

Health: -3/111     AC: 13    Str: 24    XL:     11   Next: 15%
Magic:  11/11      EV:  2    Int:  5    God:    Qazlal [******]
Gold:   14         SH:  0    Dex: 10    Spells: 10/10 levels left

rFire    + . .     SeeInvis .   a - +2 war axe (elec)
rCold    . . .     Faith    .   c - +0 kite shield
rNeg     . . .     Spirit   .   b - +2 ring mail {rPois}
rPois    +         Reflect  +   (helmet restricted)
rElec    .         Harm     .   (no cloak)
rCorr    .         Rampage  .   (no gloves)
Will     .....     NoTele   +   (no boots)
Stlth    +.........             q - amulet of reflection
HPRegen  0.28/turn              o - ring of protection from fire
MPRegen  0.12/turn              (no ring)

@: paralysed, protected from physical damage, repel missiles
A: horns 2, retaliatory headbutt
a: Renounce Religion, Upheaval, Elemental Force, Disaster Area


You were in the Dungeon.
You worshipped Qazlal.
Qazlal was exalted by your worship.
You visited 1 branch You collected 910 gold pieces.
You spent 896 gold pieces at shops.

Inventory:

Hand Weapons
 a - a +2 war axe of electrocution (weapon)
Armour
 b - a +2 ring mail of poison resistance (worn)
 c - a +0 kite shield (worn)
Jewellery
 o - a ring of protection from fire (left hand)
 q - an amulet of reflection (around neck)
Wands
 i - a wand of mindburst (14)
Scrolls
 j - a scroll of identify {unknown}
 k - a scroll of vulnerability {unknown}
 l - a scroll of torment {unknown}
Potions
 d - a potion of might
 e - 2 potions of curing
 g - a potion of haste
 h - 2 potions of magic
 m - a potion of attraction {unknown}
 n - a potion of flight {unknown}
Miscellaneous
 p - a phantom mirror


   Skills:
 + Level 14.3 Fighting
 + Level 16.2 Axes
 + Level 15.2 Armour
 + Level 9.0 Dodging
 + Level 1.2 Stealth
 + Level 15.2 Shields
 * Level 2.5 Invocations


You had 10 spell levels left.
You didn't know any spells.
Your spell library was empty.

Dungeon Overview and Level Annotations

Branches:
Dungeon (1/1)

Altars:
Cheibriados
Dithmenos
Elyvilon
Fedhas
Gozag
Hepliaklqana
Kikubaaqudgha
Makhleb
Nemelex Xobeh
Okawaru
Qazlal
Ru
Sif Muna
Trog
Uskayaw
Vehumet
Wu Jian
Xom
Yredelemnul
Zin
The Shining One
Jiyva
Lugonu

Shops:
D **(:*?*=(=((*:[[


Innate Abilities, Weirdness & Mutations

You have a pair of horns on your head.
You reflexively headbutt those who attack you in melee.


Message History

The 13-headed hydra bites you.
You feel more protected from physical attacks.
The 13-headed hydra bites you! x2; The 13-headed hydra bites you.
You block the 13-headed hydra's attack. The 13-headed hydra misses you.
You chop one of the 13-headed hydra's heads off!
The 12-headed hydra grows two more!
You slice the 14-headed hydra!!
The 14-headed hydra is moderately wounded.
The floating eye gazes piercingly through you!
You suddenly lose the ability to move!
The 14-headed hydra bites you.
You feel more protected from physical attacks.
The 14-headed hydra bites you!
You feel more protected from physical attacks.
The 14-headed hydra bites you but does no damage. x6
The 14-headed hydra bites you.
The 14-headed hydra bites you but does no damage. x2
The 14-headed hydra bites you.
You feel more protected from physical attacks.
The 14-headed hydra bites you but does no damage. x2
The floating eye pulsates ominously.
The 14-headed hydra bites you.
The 14-headed hydra bites you but does no damage. x3
The 14-headed hydra bites you.
The 14-headed hydra bites you but does no damage.
The 14-headed hydra bites you!
You feel more protected from physical attacks.
The 14-headed hydra bites you!
* * * LOW HITPOINT WARNING * * *
You feel more protected from physical attacks.
The 14-headed hydra bites you but does no damage.
The 14-headed hydra bites you.
* * * LOW HITPOINT WARNING * * *
The 14-headed hydra barely misses you. The 14-headed hydra bites you.
* * * LOW HITPOINT WARNING * * *
The 14-headed hydra bites you!
* * * LOW HITPOINT WARNING * * *
You feel more protected from physical attacks.
The 14-headed hydra bites you!
* * * LOW HITPOINT WARNING * * *
The 14-headed hydra bites you!
You die...

#####################************
..#(.#§§§§§§§§§§@DG$#^^+,,,,*,,,,
..##§#.####.§§§§##§.+^^*,,,,**,,,
..'§.#§#,*##.§§##**##*+*,,,,,****
###..§.#+*,###+#,,,**,,*,,,,,*,,,
.##'####^,,*,*,**,,,*,,**,,,,*,∩,
§#.^).☼#,,,***,,***,*,,≈***+**,,,
§#.^.☼○+,,,,,**,*,*,*,,≈,,*,****+
§###.○.#^,,,,*,,***,*,,≈,**+*,,,,
.'§#...#**++**,**,,,*,,≈**,,,,^,,


You could see a 14-headed hydra and a floating eye.

Vanquished Creatures
  2 centaur warriors (D)
  A deep troll (D)
  A lindwurm (D)
  An oklob plant (D)
  A gargoyle (D)
  2 unseen horrors (D)
  4 demonic crawlers (D)
  2 kobold demonologists (D)
  A hornet (D)
  A slime creature (D)
  Sigmund (D)
  2 redbacks (D)
  13 hogs (D)
  A yak (D)
  2 floating eyes (D)
  An ogre (D)
  7 necrophages (D)
  8 jellies (D)
  Ijyb (D)
52 creatures vanquished.

Vanquished Creatures (others)
  A gargoyle (D)
1 creature vanquished.

Grand Total: 53 creatures vanquished

Notes
Turn   | Place    | Note
-------+----------+-------------------------------------------
     0 | D        | mhtbhm the Minotaur Fighter began the quest for the Orb.
     0 | D        | Reached XP level 1. HP: 19/19 MP: 0/0
     2 | D        | Noticed Ijyb
    10 | D        | Killed Ijyb
    11 | D        | Reached skill level 5 in Fighting
    11 | D        | Reached skill level 3 in Axes
    11 | D        | Reached skill level 5 in Armour
    11 | D        | Reached skill level 5 in Shields
    11 | D        | Reached XP level 2. HP: 18/29 MP: 1/1
   134 | D        | Noticed an ogre
   138 | D        | Killed an ogre
   139 | D        | Reached skill level 4 in Axes
   139 | D        | Reached XP level 3. HP: 23/38 MP: 2/2
   139 | D        | Reached XP level 4. HP: 27/45 MP: 3/3
   258 | D        | Noticed Sigmund
   269 | D        | Killed Sigmund
   270 | D        | Reached skill level 6 in Axes
   270 | D        | Reached XP level 5. HP: 28/56 MP: 4/4
   270 | D        | Reached XP level 6. HP: 31/62 MP: 5/5
   343 | D        | Killed a gargoyle
   435 | D        | Found an ornate altar of the Wu Jian Council.
   435 | D        | Found a shimmering blue altar of Sif Muna.
   437 | D        | Found a radiant altar of Vehumet.
   442 | D        | Reached skill level 1 in Dodging
   475 | D        | Found Osajesk's Assorted Antiques.
   475 | D        | Found an ancient bone altar of Kikubaaqudgha.
   475 | D        | Found a hazy altar of Hepliaklqana.
   475 | D        | Found a stormy altar of Qazlal.
   475 | D        | Found a hide-covered altar of Uskayaw.
   475 | D        | Found a blossoming altar of Fedhas.
   475 | D        | Found a bloodstained altar of Trog.
   475 | D        | Found an iron altar of Okawaru.
   475 | D        | Found a basalt altar of Yredelemnul.
   475 | D        | Found a glowing golden altar of the Shining One.
   475 | D        | Found a snail-covered altar of Cheibriados.
   475 | D        | Found a sacrificial altar of Ru.
   475 | D        | Found a glowing silver altar of Zin.
   475 | D        | Found a shadowy altar of Dithmenos.
   475 | D        | Found a white marble altar of Elyvilon.
   475 | D        | Noticed a yak
   479 | D        | Killed a yak
   480 | D        | Reached skill level 8 in Axes
   480 | D        | Reached skill level 10 in Armour
   480 | D        | Found an opulent altar of Gozag.
   481 | D        | Found a sparkling altar of Nemelex Xobeh.
   496 | D        | Became a worshipper of Qazlal Stormbringer
   500 | D        | Bought a scroll labelled QEORHUAPTO for 24 gold pieces
   500 | D        | Bought a scroll labelled EXKISCH ZOHUB for 24 gold pieces
   500 | D        | Bought a glowing black potion for 21 gold pieces
   541 | D        | Found a burning altar of Makhleb.
   541 | D        | Found a viscous altar of Jiyva.
   541 | D        | Found a shimmering altar of Xom.
   541 | D        | Found a corrupted altar of Lugonu.
   541 | D        | Noticed a slime creature
   548 | D        | Killed a slime creature
   549 | D        | Reached XP level 7. HP: 67/71 MP: 6/6
   572 | D        | Noticed a kobold demonologist
   572 | D        | Noticed a kobold demonologist
   575 | D        | Reached skill level 10 in Fighting
   575 | D        | Reached skill level 9 in Axes
   577 | D        | Noticed a smoke demon
   578 | D        | Noticed a ynoxinul
   578 | D        | Noticed a rust devil
   580 | D        | Noticed a hellwing
   582 | D        | Killed a kobold demonologist
   582 | D        | Reached * piety under Qazlal
   583 | D        | Reached skill level 10 in Axes
   584 | D        | Noticed an ice devil
   586 | D        | HP: 2/73 [hellwing[a kobold demonologist] (8)]
   590 | D        | Killed a kobold demonologist
   591 | D        | Reached skill level 11 in Axes
   591 | D        | Reached skill level 10 in Shields
   591 | D        | Reached XP level 8. HP: 15/81 MP: 7/7
   905 | D        | Noticed a centaur warrior
   907 | D        | Noticed a centaur warrior
   916 | D        | Killed a centaur warrior
   917 | D        | Reached skill level 12 in Axes
   921 | D        | Killed a centaur warrior
   921 | D        | Reached ** piety under Qazlal
   922 | D        | Reached skill level 13 in Axes
   922 | D        | Reached XP level 9. HP: 44/90 MP: 8/8
  1103 | D        | Noticed a deep troll
  1115 | D        | Killed a deep troll
  1116 | D        | Reached skill level 14 in Axes
  1116 | D        | Reached skill level 5 in Dodging
  1128 | D        | Found Lualanar's Armour Emporium.
  1291 | D        | Bought a +2 chain mail of fire resistance for 258 gold
                  | pieces
  1434 | D        | Noticed an oklob plant
  1440 | D        | Killed an oklob plant
  1599 | D        | Reached *** piety under Qazlal
  1609 | D        | Reached XP level 10. HP: 93/100 MP: 9/9
  1765 | D        | Paralysed by a floating eye for 2 turns
  1768 | D        | Reached **** piety under Qazlal
  1784 | D        | Reached ***** piety under Qazlal
  1785 | D        | Reached skill level 15 in Axes
  1805 | D        | Reached ****** piety under Qazlal
  1821 | D        | Identified the +3 long sword of Karma {venom, rElec rF-
                  | Str+3 Stlth+}
  1860 | D        | Found Yhauniga's Weapon Shoppe.
  1860 | D        | Found Fuirolleyss's General Store.
  1860 | D        | Found Seaw's Book Boutique.
  1862 | D        | Found Raylu's Assorted Antiques.
  1862 | D        | Found Tiusiv's Magic Scroll Shop.
  1862 | D        | Found Motaikyo's Assorted Antiques.
  1862 | D        | Found Inatiy's Jewellery Boutique.
  1862 | D        | Found Lixuir's Antique Weapon Emporium.
  1862 | D        | Found Anejuikk's Jewellery Shop.
  1862 | D        | Found Zotix's Antique Weapon Shoppe.
  1864 | D        | Found Urejubuo's Weapon Boutique.
  1865 | D        | Found Onehop's Book Emporium.
  1865 | D        | Found Biolum's Assorted Antiques.
  1866 | D        | Found Xuskiah's Armour Emporium.
  1870 | D        | Bought a scroll of magic mapping for 42 gold pieces
  1873 | D        | Bought an amulet of reflection for 300 gold pieces
  1953 | D        | Reached skill level 15 in Armour
  1956 | D        | Reached skill level 1 in Stealth
  2213 | D        | Noticed a gargoyle
  2222 | D        | Killed a gargoyle
  2248 | D        | Noticed a lindwurm
  2261 | D        | Killed a lindwurm
  2398 | D        | Reached skill level 16 in Axes
  2407 | D        | Reached XP level 11. HP: 106/110 MP: 10/10
  2413 | D        | Reached skill level 1 in Invocations
  2424 | D        | Reached skill level 15 in Shields
  2523 | D        | Bought a +2 war axe of electrocution for 227 gold pieces
  2588 | D        | Noticed a 12-headed hydra
  2590 | D        | Paralysed by a floating eye for 4 turns
  2592 | D        | Slain by a 14-headed hydra

Illustrated notes

Levels and vault maps discovered:
D:        dungeon_sprint_1 [red_sonja_temple_1, red_sonja_temple_small_1]

Skill      XL: |  1  2  3  4  5  6  7  8  9 10 11 |
---------------+----------------------------------+-----
Fighting       | 5 6 8 9 10 12 14 | 14.3
Axes           | 3 4 6 8 11 13 14 16 | 16.2
Armour         | 5 7 9 11 12 13 14 15 | 15.2
Shields        | 5 6 8 9 10 11 12 14 15 | 15.2
Dodging        | 1 2 4 6 8 9 |  9.0
Stealth        | 1 |  1.2
Invocations    | 2 |  2.5

Action                   |  1- 3 |  4- 6 |  7- 9 | 10-12 || total
-------------------------+-------+-------+-------+-------++-------
Melee: War axe           |    10 |    21 |    61 |   137 ||   229
       Headbutt          |     4 |     4 |    14 |    36 ||    58
  Use: Potion            |       |       |     2 |     1 ||     3
       Scroll            |       |       |     1 |     1 ||     2
Armor: Scale mail        |     5 |     6 |    28 |       ||    39
       Chain mail        |       |       |     7 |    13 ||    20
       Ring mail         |       |       |       |    52 ||    52
Dodge: Dodged            |     2 |     6 |    24 |    47 ||    79
Block: Kite shield       |     2 |     7 |    59 |   143 ||   211

Table legend: (Time is in decaauts)
 A = Elapsed time spent in this place.
 B = Non-inter-level travel time spent in this place.
 C = Inter-level travel time spent in this place.
 D = Time resting spent in this place.
 E = Time spent auto-exploring this place.
 F = Levels seen in this place.
 G = Mean time per level.
                   A        B        C        D        E       F      G
               +--------+--------+--------+--------+--------+-----+--------+
         Total |   2578 |   2516 |     62 |   1731 |      0 |   1 | 2578.0 |
       Dungeon |   2578 |   2516 |     62 |   1731 |      0 |   1 | 2578.0 |
               +--------+--------+--------+--------+--------+-----+--------+

Top non-repeatable levels by time:
       D: 2578 daAuts
